 Dungeon Crawl Stone Soup version 0.29-a0-914-g906f1d757c (webtiles) character file.

Game seed: 11656058370916728257

24854 Garessta the Summoner (level 13, -10/90 HPs)
             Began as an Octopode Summoner on July 26, 2022.
             Was an Initiate of Gozag.
             Mangled by an eight-headed hydra (14 damage)
             ... on level 3 of the Lair of Beasts.
             The game lasted 00:59:21 (18921 turns).

Garessta the Summoner (Octopode Summoner)          Turns: 18921, Time: 00:59:22

Health: -10/90     AC:  5    Str: 13    XL:     13   Next: 15%
Magic:  24/27      EV: 20    Int: 28    God:    Gozag
Gold:   1263       SH:  0    Dex: 22    Spells: 13/32 levels left

rFire   . . .      SeeInvis .   j - +8 hammer of Conservatism {speed, Dex+3}
rCold   . . .      Faith    .   (no shield)
rNeg    . . .      Spirit   .   S - +0 hat
rPois   +          Reflect  .   J - amulet of regeneration
rElec   .          Harm     .   f - ring of poison resistance
rCorr   +          Rampage  .   u - ring of wizardry
Will    .....                   D - ring of wizardry
Stlth   ++++++....              w - +4 ring of protection
HPRegen 1.05/turn               M - +6 ring of strength
MPRegen 0.20/turn               R - ring of Qufey {*Corrode Int+6 Dex+6 Stlth+}
                                P - ring of resist corrosion
                                (no ring)

@: no status effects
A: almost no armour, amphibious, 8 rings, camouflage 1, gelatinous body 1,
nimble swimmer 1, tentacles
a: Renounce Religion, Potion Petition, Call Merchant, Bribe Branch


You were on level 3 of the Lair of Beasts.
You worshipped Gozag.
Gozag was most pleased with you.
You visited 3 branches of the dungeon, and saw 14 of its levels.
You also visited: Ossuary.

You collected 2641 gold pieces.
You spent 1242 gold pieces at shops.
You paid 136 gold pieces to Gozag.

Inventory:

Hand Weapons
 j - the +8 hammer of Conservatism (weapon) {speed, Dex+3}
   (You found it on level 2 of the Dungeon)

   Attacks with this weapon are significantly faster.
   Dex:       It affects your dexterity (+3).
Missiles
 h - 2 boomerangs
 v - 4 throwing nets
 C - 6 curare-tipped darts
 H - 2 javelins
 O - 2 poisoned darts
Armour
 E - a +0 kite shield
 S - a +0 hat (worn)
Jewellery
 f - a ring of poison resistance (left tentacle)
 u - a ring of wizardry (right tentacle)
 w - a +4 ring of protection (on tentacle)
 A - an amulet of reflection
 D - a ring of wizardry (on tentacle)
 J - an amulet of regeneration (around mantle)
 M - a +6 ring of strength (on tentacle)
 P - a ring of resist corrosion (on tentacle)
 R - the ring of Qufey (on tentacle) {*Corrode Int+6 Dex+6 Stlth+}
   (You bought it in a shop on level 4 of the Dungeon)

   [ring of intelligence]

   Int:       It affects your intelligence (+6).
   Dex:       It affects your dexterity (+6).
   *Corrode:  It may corrode you when you take damage.
   Stlth:     It makes you more stealthy.
 U - a ring of fire
Wands
 r - a wand of charming (8)
 t - a wand of polymorph (18)
 y - a wand of roots (30)
 G - a wand of flame (26)
 I - a wand of digging (3)
 K - a wand of mindburst (9)
 N - a wand of acid (4)
Scrolls
 i - a scroll of acquirement {unknown}
 k - 2 scrolls of enchant armour {unknown}
 m - a scroll of fear
 o - a scroll of blinking
 q - a scroll of butterflies
 s - 2 scrolls of vulnerability
 x - 4 scrolls of teleportation
 Q - 2 scrolls of enchant weapon
 W - 4 scrolls of magic mapping
 X - a scroll of brand weapon {unknown}
Potions
 a - 3 potions of magic
 b - 3 potions of mutation
 c - 14 potions of curing
 d - a potion of cancellation {unknown}
 e - a potion of flight {unknown}
 g - a potion of invisibility {unknown}
 l - 2 potions of might
 n - 2 potions of brilliance {unknown}
 p - 7 potions of heal wounds
 z - 2 potions of attraction {unknown}
 B - 2 potions of ambrosia {unknown}
 F - 2 potions of berserk rage {unknown}
 L - 2 potions of lignification {unknown}
 T - a potion of resistance {unknown}
 V - a potion of haste {unknown}


   Skills:
 + Level 8.8 Fighting
 + Level 9.2 Dodging
 - Level 2.6 Stealth
 - Level 10.0 Spellcasting
 - Level 8.0 Hexes
 - Level 10.0 Summonings
 - Level 5.0 Necromancy
 - Level 7.0 Air Magic


You had 13 spell levels left.
You knew the following spells:

 Your Spells              Type           Power      Damage    Failure   Level
a - Call Canine Familiar  Summ           63%        N/A       1%          3
b - Summon Guardian Gole  Hex/Summ       59%        N/A       1%          3
c - Summon Lightning Spi  Summ/Air       57%        N/A       1%          4
d - Anguish               Hex/Necr       25%        N/A       1%          4
f - Call Imp              Summ           63%        N/A       1%          2
t - Tukima's Dance        Hex            56%        N/A       1%          3

Your spell library contained the following spells:

 Spells                   Type           Power      Damage    Failure   Level
 Apportation              Tloc           28%        N/A       1%          1
 Necrotise                Necr           100%       1d9       1%          1
 Summon Small Mammal      Summ           100%       N/A       1%          1
 Ensorcelled Hibernation  Hex/Ice        72%        N/A       1%          2
 Static Discharge         Conj/Air       33%        3-8/arc   1%          2
 Sublimation of Blood     Necr           42%        N/A       1%          2
 Wereblood                Tmut           14%        N/A       1%          2
 Portal Projectile        Hex/Tloc       72%        N/A       1%          3
 Dispel Undead            Necr           42%        3d17      1%          4
 Spider Form              Tmut/Pois      14%        N/A       3%          3
 Sticky Flame             Conj/Fire      14%        2d4       11%         4
 Summon Hydra             Summ           31%        N/A       16%         7
 Blade Hands              Tmut           7%         N/A       28%         5
 Irradiate                Conj/Tmut      7%         3d14      28%         5
 Dragon Form              Tmut           7%         N/A       99%         7


Dungeon Overview and Level Annotations

Branches:
Dungeon (10/15)            Temple (1/1) D:7            Lair (3/5) D:8
 Shoals (0/4) Lair:3        Snake (0/4) Lair:3      Ossuary (visited)
    Orc: D:9-12

Altars:
Ashenzari
Cheibriados
Dithmenos
Elyvilon
Gozag
Hepliaklqana
Kikubaaqudgha
Makhleb
Nemelex Xobeh
Okawaru
Qazlal
Ru
Sif Muna
Trog
Uskayaw
Vehumet
Wu Jian
Xom
Yredelemnul
Zin
The Shining One
Jiyva

Shops:
D:2 :   D:3 !   D:4 [([[=   D:6 (

Annotations:
Lair:1 1 runed translucent door


Innate Abilities, Weirdness & Mutations

You cannot wear most types of armour.
You are amphibious.
You can wear up to eight rings at the same time.
Your skin changes colour to match your surroundings (Stealth+).
Your rubbery body absorbs attacks. (AC +1, EV +1)
You are camouflaged when in or above water. (Stealth+)
You have tentacles for arms and can constrict up to eight enemies at once.


Message History

Your guardian golem disappears in a puff of smoke!
You now have 1263 gold pieces (gained 3).
An eight-headed hydra comes into view.
An eight-headed hydra is nearby!
An eight-headed hydra is nearby!
You swap places.
The eight-headed hydra bites your warg. x2
The eight-headed hydra bites your warg! x3
Your warg dies!
Your warg's corpse disappears in a puff of smoke!
Casting: Summon Lightning Spire (safe; 1% risk of failure)
Confirm with . or Enter, or press ? or * to list all spells.
A guardian golem appears, shielding your allies.
The eight-headed hydra bites you!
The eight-headed hydra barely misses you. x2
The eight-headed hydra closely misses you.
The eight-headed hydra completely misses you.
The eight-headed hydra bites you. x2; The eight-headed hydra bites you!
Unknown command.
The eight-headed hydra attacks as you move away!
The eight-headed hydra bites you!
The eight-headed hydra barely misses you.
The eight-headed hydra bites you but does no damage.
The eight-headed hydra barely misses you.
The eight-headed hydra bites you. x2
The eight-headed hydra completely misses you.
The eight-headed hydra bites you but does no damage.
You swap places.
The eight-headed hydra attacks as you move away!
The eight-headed hydra closely misses you.
The eight-headed hydra bites you!
* * * LOW HITPOINT WARNING * * *
The eight-headed hydra bites you but does no damage.
The eight-headed hydra completely misses you.
The eight-headed hydra bites you.
* * * LOW HITPOINT WARNING * * *
The eight-headed hydra bites you!
* * * LOW HITPOINT WARNING * * *
The eight-headed hydra bites you!
You die...
Your body crumbles into a pile of gold.

.......##...##♣♣..♣# ♣♣S.♣♣ ##..
.......###∩## ♣♣..♣♣♣♣|§♣♣ ##∩
.......#♣♣.♣♣ ♣♣..♣♣§S♣♣ ♣♣.
...#.###♣...♣ ♣♣....♣♣ ♣.♣ #....#
♣♣.♣♣ ♣♣..♣♣ #♣.♣ ##...# ♣...♣
♣♣.♣ #.♣♣ #...## ♣♣.♣♣ #####.#
### #.♣.
####..##♣...♣#♣♣♣D≈≈≈.♣♣♣≈♣♣♣#...
#####..#.≈≈≈.♣♣P@♣♣♣.≈♣Ph♣≈.♣....
..# #..#.≈≈≈...≈P♣♣♣≈.♣≈P♣.≈....≈
.[###..#.≈≈≈.♣♣≈♣♣♣≈≈≈≈♣♣♣♣≈♣♣.♣.
...#####♣...♣#♣≈♣ ♣♣≈.♣♣ ♣≈♣#.♣.
....### ♣♣.♣♣##### #### #####.♣.
...<..# ♣...♣#...#### ##...#.♣♣
......##♣♣.♣♣#....#.# ###....#♣.♣
.......#♣...♣#.....####..>...#♣h♣
.P.....#♣♣.♣♣#.....# #....##.#♣♣.


You could see an eight-headed hydra (ally target) and a friendly guardian golem
(summoned).

Vanquished Creatures
  A cane toad (Lair:2)
  A blink frog (Lair:3)
  A wyvern (D:8)
  An ice beast (D:6)
  A lemure (D:6)
  A killer bee (D:10)
  A hound (D:5)
  Jessica (D:3)
  A hell rat (Lair:2)
  4 adders
  6 river rats (Lair:2)
  A dart slug (D:1)
  4 orcs
  A bat simulacrum (Ossuary)
  An endoplasm (D:4)
  4 giant cockroaches
  5 goblins
  4 hobgoblins
  4 kobolds
  4 quokkas
  4 ball pythons
  5 bats
  2 frilled lizards
  A gnoll zombie (Ossuary)
  A goblin simulacrum (Ossuary)
  A goblin zombie (Ossuary)
  A kobold zombie (Ossuary)
  11 rats
  A spectral goblin (Ossuary)
74 creatures vanquished.

Vanquished Creatures (collateral kills)
  A hydra (Lair:1)
  A death yak (Lair:3)
  Sonja (Lair:1)
  Pikel (D:6)
  3 black mambas
  3 cane toads
  Maggie (D:7)
  A kobold demonologist (D:10)
  A komodo dragon (Lair:3)
  A polar bear (Lair:3)
  Grinder (D:3)
  Prince Ribbit (D:8)
  3 blink frogs
  A dream sheep (Lair:3)
  Sigmund (D:5)
  A shadow (D:10)
  4 wyverns
  7 yaks
  Eustachio (D:6)
  3 acid dragons (D:8)
  8 water moccasins
  3 ice beasts
  An ogre (D:5)
  A centaur (D:5)
  4 wolves
  A phantom (D:6)
  3 lemures (D:6)
  Blork the orc (D:6)
  5 bullfrogs
  A gnoll sergeant (D:8)
  4 kobold brigands
  3 necrophages
  A scorpion (D:5)
  4 wights (D:7)
  5 killer bees (D:9)
  8 howler monkeys
  3 hounds
  3 jellies
  3 gnoll boudas
  An orc priest (D:8)
  Crazy Yiuf (D:2)
  Ijyb (D:5)
  3 orc wizards
  5 hell rats (Lair:2)
  A mummy (Ossuary)
  8 gnolls
  6 adders
  6 river rats (Lair:2)
  2 shadow imps
  An ufetubus (D:4)
  2 worms (D:2)
  A dart slug (D:1)
  11 orcs
  2 spectral bats (Ossuary)
  5 endoplasms
  A giant cockroach (D:1)
  7 hobgoblins
  2 jackals (D:3)
  4 quokkas
  4 ball pythons
  2 bats (D:1)
  4 bat simulacra (Ossuary)
  2 frilled lizards (D:1)
  11 gnoll zombies (Ossuary)
  4 goblins
  3 goblin simulacra (Ossuary)
  4 goblin zombies (Ossuary)
  4 hobgoblin zombies
  29 kobolds
  5 kobold zombies (Ossuary)
  5 orc zombies
  8 rats
  A rat simulacrum (Ossuary)
  A spectral goblin (Ossuary)
  3 spectral kobolds (Ossuary)
  2 spectral rats (Ossuary)
  3 butterflies (Lair:1)
264 creatures vanquished.

Vanquished Creatures (others)
  Gastronok (Lair:1)
  2 hydras
  3 death yaks (Lair:2)
  4 black mambas (Lair:3)
  A gargoyle (D:10)
  6 cane toads
  A rime drake (Lair:1)
  4 komodo dragons
  A polar bear (Lair:1)
  A blink frog (Lair:3)
  2 wyverns
  5 yaks
  A basilisk (D:8)
  2 orc warriors
  An ice beast (D:5)
  A black bear (D:6)
  3 wolves (Lair:2)
  2 ogres
  A bullfrog (D:7)
  A killer bee (D:9)
  A howler monkey (D:7)
  A hell rat (Lair:2)
  8 gnolls
  A river rat (Lair:2)
  A kobold (D:7)
  10 fungi
  26 plants
  7 toadstools (Lair:1)
98 creatures vanquished.

Grand Total: 436 creatures vanquished

Notes
Turn   | Place    | Note
-------+----------+-------------------------------------------
     0 | D:1      | Garessta the Octopode Summoner began the quest for the Orb.
     0 | D:1      | Reached XP level 1. HP: 11/11 MP: 3/3
    77 | D:1      | Found a faded altar of an unknown god.
   105 | D:1      | Reached XP level 2. HP: 17/17 MP: 1/5
   149 | D:1      | Learned a level 2 spell: Call Imp
   445 | D:1      | Reached XP level 3. HP: 20/21 MP: 1/6
   449 | D:1      | Learned a level 3 spell: Call Canine Familiar
   498 | D:1      | Found a shimmering blue altar of Sif Muna.
  1490 | D:2      | Found Puskoh's Book Emporium.
  1558 | D:2      | Reached XP level 4. HP: 27/27 MP: 3/8
  1566 | D:2      | Learned a level 3 spell: Summon Guardian Golem
  1760 | D:2      | Identified the +8 hammer of Conservatism {speed, Dex+3}
  1764 | D:2      | Found a runed translucent door.
  1765 | D:2      | Noticed Crazy Yiuf
  1773 | D:2      | Killed Crazy Yiuf
  1774 | D:2      | Reached skill level 5 in Summonings
  2041 | D:2      | Reached skill level 1 in Hexes
  2485 | D:3      | Found Poexut's Distillery.
  2491 | D:3      | Bought a potion of heal wounds for 70 gold pieces
  2491 | D:3      | Bought a potion of curing for 42 gold pieces
  2600 | D:3      | Found a snail-covered altar of Cheibriados.
  2743 | D:3      | Reached XP level 5. HP: 30/31 MP: 6/10
  2825 | D:3      | Noticed Grinder
  3123 | D:3      | Noticed Jessica
  3149 | D:3      | Killed Jessica
  3646 | D:4      | Found Huoke's Armour Shop.
  3765 | D:4      | Reached XP level 6. HP: 36/36 MP: 5/11
  3888 | D:4      | Found Qahieh's Antique Weapon Shop.
  4205 | D:4      | Found Bousetz's Armour Emporium.
  4212 | D:4      | Learned a level 4 spell: Summon Lightning Spire
  4441 | D:4      | Reached skill level 1 in Air Magic
  4667 | D:4      | Found Paissiu's Armour Boutique.
  4752 | D:4      | Found Huusk's Jewellery Boutique.
  5124 | D:3      | Killed Grinder
  5125 | D:3      | Reached XP level 7. HP: 41/41 MP: 8/13
  5195 | D:5      | Entered Level 5 of the Dungeon
  5235 | D:5      | Noticed Sigmund
  5365 | D:5      | Noticed Ijyb
  5387 | D:5      | Killed Ijyb
  5440 | D:5      | Killed Sigmund
  5441 | D:5      | Reached skill level 5 in Spellcasting
  5441 | D:5      | Reached XP level 8. HP: 46/46 MP: 7/15
  6436 | D:6      | Noticed Eustachio
  6436 | D:6      | Noticed Pikel
  6462 | D:6      | Killed Eustachio
  6463 | D:6      | Reached skill level 1 in Fighting
  6520 | D:6      | Killed Pikel
  6521 | D:6      | Reached XP level 9. HP: 54/54 MP: 1/18
  6688 | D:6      | Learned a level 4 spell: Anguish
  6879 | D:6      | Reached skill level 5 in Air Magic
  7069 | D:6      | Found Caemmean's Antique Weapon Boutique.
  7082 | D:6      | Noticed Blork the orc
  7095 | D:6      | Killed Blork the orc
  7186 | D:6      | Found an iron altar of Okawaru.
  7224 | D:6      | Found a hazy altar of Hepliaklqana.
  7454 | D:6      | Found a radiant altar of Vehumet.
  7507 | D:6      | Reached skill level 1 in Necromancy
  7769 | D:7      | Noticed Maggie
  7775 | D:7      | Killed Maggie
  7846 | D:7      | Found a white marble altar of Elyvilon.
  7881 | D:7      | Became a worshipper of Elyvilon the Healer
  8270 | D:7      | Found a staircase to the Ecumenical Temple.
  8276 | Temple   | Entered the Ecumenical Temple
  8417 | Temple   | Fell from the grace of Elyvilon
  8417 | Temple   | Became a worshipper of Gozag Ym Sagoz the Greedy
  8536 | D:7      | Reached XP level 10. HP: 63/63 MP: 11/19
  8774 | D:8      | Found a broken altar of Ashenzari.
  8789 | D:8      | Found a stormy altar of Qazlal.
  8798 | D:8      | Reached skill level 5 in Hexes
  8803 | D:8      | Noticed Prince Ribbit
  8816 | D:8      | Killed Prince Ribbit
  8848 | D:8      | Found a sand-covered staircase.
  8860 | Ossuary  | Entered an ossuary
 10309 | D:8      | Found a staircase to the Lair.
 10947 | D:4      | Bought an amulet of regeneration for 330 gold pieces
 11271 | D:9      | Reached skill level 5 in Dodging
 11712 | D:9      | Found an ornate altar of the Wu Jian Council.
 12476 | D:10     | Entered Level 10 of the Dungeon
 12478 | D:10     | Found a shimmering altar of Xom.
 12504 | D:10     | Noticed a kobold demonologist
 12516 | D:10     | Killed a kobold demonologist
 12715 | D:10     | Found a hide-covered altar of Uskayaw.
 12729 | D:10     | Found a shimmering altar of Xom.
 12729 | D:10     | Found a shimmering altar of Xom.
 12799 | D:10     | Reached XP level 11. HP: 70/70 MP: 11/21
 12956 | D:10     | Noticed a seven-headed hydra
 12972 | D:10     | Killed a seven-headed hydra
 12973 | D:10     | Reached skill level 5 in Fighting
 13059 | D:10     | Noticed a cyclops
 13224 | D:4      | Bought a ring of resist corrosion for 220 gold pieces
 13224 | D:4      | Bought the ring of Qufey {*Corrode Int+6 Dex+6 Stlth+} for
                  | 580 gold pieces
 13402 | Lair:1   | Entered Level 1 of the Lair of Beasts
 13402 | Lair:1   | Noticed Gastronok
 13416 | Lair:1   | Killed Gastronok
 13679 | Lair:1   | Reached skill level 5 in Necromancy
 13753 | Lair:1   | Noticed Sonja
 13758 | Lair:1   | Killed Sonja
 14020 | Lair:1   | Noticed a six-headed hydra
 14029 | Lair:1   | Killed a six-headed hydra
 14280 | Lair:1   | Reached XP level 12. HP: 79/79 MP: 24/24
 14467 | Lair:1   | You fall into a shaft and drop 1 floor!
 14695 | Lair:1   | Found a runed translucent door.
 14719 | Lair:1   | Noticed a catoblepas
 14719 | Lair:1   | Noticed a catoblepas
 15004 | Lair:2   | Noticed a death yak
 15005 | Lair:2   | Noticed a death yak
 15006 | Lair:2   | Noticed a death yak
 15025 | Lair:2   | Killed a death yak
 15035 | Lair:2   | Killed a death yak
 15036 | Lair:2   | Reached skill level 10 in Summonings
 15037 | Lair:2   | Killed a death yak
 16989 | Lair:3   | Learned a level 3 spell: Tukima's Dance
 17083 | Lair:3   | Noticed a death yak
 17117 | Lair:3   | Killed a death yak
 17513 | Lair:3   | Found a staircase to the Snake Pit.
 17542 | Lair:3   | Found a staircase to the Shoals.
 18123 | Lair:3   | Noticed an eight-headed hydra
 18136 | Lair:3   | Reached XP level 13. HP: 88/88 MP: 17/26
 18785 | Lair:3   | Reached skill level 10 in Spellcasting
 18921 | Lair:3   | HP: 4/90 [eight-headed hydra (15)]
 18921 | Lair:3   | Mangled by an eight-headed hydra

Illustrated notes

Levels and vault maps discovered:
D:1:      lightli_arrival_maybe_door_vault, layout_basic,
          nicolae_ecumenical_lake_church, palyth_stone_intersect,
          minmay_hexomino_r4
D:2:      layout_basic, serial_shops, shop, chequers_garden, kennysheep_path_1,
          uniq_crazy_yiuf_cottage
D:3:      layout_loops_corners, mainiacjoe_overflow_cross_hatched, serial_shops,
          shop, uniq_jessica, uniq_grinder
D:4:      layout_basic, serial_shops, nicolae_diamond_shop,
          nicolae_shop_statue_plus, shop_statue, nicolae_shop_waterfront, shop
D:5:      layout_basic, minmay_misc_feat_tower, uniq_ijyb, uniq_sigmund
D:6:      layout_gridville, nicolae_vehumet_altar_sigil,
          mainiacjoe_overflow_catwalk_spiral, serial_shops, shop,
          uniq_blork_the_orc, uniq_eustachio, uniq_pikel
D:7:      layout_rooms, nicolae_overflow_crystal_walls,
          minmay_temple_entry_enclosed_plants, kennysheep_cross_room,
          uniq_maggie
D:8:      layout_cave_pools, nicolae_qazlal_general_emergency,
          lemuel_round_altar, erik_lair_dragon, enter_ossuary_3,
          hangedman_glass_teeth, uniq_prince_ribbit1
D:9:      kennysheep_kobold_camp, layout_gridville, lemuel_tele_altar
D:10:     minmay_ornate_pinched, layout_gridville, xom_redecorated,
          kennysheep_mini, amcnicky_altar_gilded, hangedman_feature_mirror
Temple:   pf_slime_end_temple
Lair:1:   gammafunk_lair_enchanted_lake, layout_misc_corridors, st_stairs_5,
          nicolae_lair_grove_arrangements, fungi_pond_lemuel,
          lemuel_fruit_fields, uniq_gastronok, uniq_sonja
Lair:2:   lemuel_ratsnest, layout_layer_cave, st_stairs_6,
          chequers_serial_rivers_small_b, lemuel_fruit_tree, grunt_megastairs_2
Lair:3:   nzn_winding_woodlands_stair_trap [nzn_winding_woodlands_5x15_pool,
          nzn_winding_woodlands_5x15_jagged,
          nzn_winding_woodlands_5x15_lazy_stream,
          nzn_winding_woodlands_15x15_thick_spiral,
          nzn_winding_woodlands_5x15_pathside_ponds,
          nzn_winding_woodlands_5x15_eye, nzn_winding_woodlands_5x15_twine],
          layout_hall_layers, shoals_dummy_entry, dummy_snake_entry,
          dreamdust_gnoll_shepherd, infiniplex_staircase_pool

Skill      XL: |  1  2  3  4  5  6  7  8  9 10 11 12 13 |
---------------+----------------------------------------+-----
Spellcasting   | 3 4 5 6 7 8 9 10 | 10.0
Summonings     | 5 6 7 8 9 10 | 10.0
Hexes          | 1 2 3 4 5 7 8 |  8.0
Air Magic      | 2 3 4 5 6 7 |  7.0
Fighting       | 2 3 4 6 8 |  8.8
Dodging        | 3 4 5 6 8 9 |  9.2
Necromancy     | 2 4 5 |  5.0
Stealth        | |  2.6

Action                   |  1- 3 |  4- 6 |  7- 9 | 10-12 | 13-15 || total
-------------------------+-------+-------+-------+-------+-------++-------
Melee: Rapier            |    43 |     5 |       |       |       ||    48
       Constrict         |    10 |     8 |     4 |    21 |       ||    43
       Tentacles         |     3 |     7 |     5 |    23 |     1 ||    39
       Mace              |       |    22 |    18 |    70 |     3 ||   113
       Punch             |       |     1 |       |       |       ||     1
 Cast: Summon Small Mamm |    15 |     2 |       |       |       ||    17
       Call Imp          |    12 |    16 |     3 |       |       ||    31
       Call Canine Famil |     1 |    19 |    20 |    66 |     8 ||   114
       Summon Guardian G |       |     9 |    26 |    66 |    10 ||   111
       Summon Lightning  |       |       |    16 |    71 |     4 ||    91
       Anguish           |       |       |       |    19 |     9 ||    28
  Use: Scroll            |       |       |       |    15 |     2 ||    17
 Stab: Sleeping          |     9 |     9 |     1 |     3 |       ||    22
       Distracted        |       |       |       |     3 |       ||     3
Armor: Skin              |     4 |     1 |     1 |    11 |    11 ||    28
Dodge: Dodged            |    39 |    14 |    25 |    71 |    21 ||   170
Block: Other             |       |       |     1 |     3 |       ||     4
       Reflection        |       |       |       |     1 |       ||     1

Table legend: (Time is in decaauts)
 A = Elapsed time spent in this place.
 B = Non-inter-level travel time spent in this place.
 C = Inter-level travel time spent in this place.
 D = Time resting spent in this place.
 E = Time spent auto-exploring this place.
 F = Levels seen in this place.
 G = Mean time per level.
                   A        B        C        D        E       F      G
               +--------+--------+--------+--------+--------+-----+--------+
         Total |  18935 |  17506 |   1429 |    808 |  13119 |  15 | 1262.3 |
       Dungeon |  12591 |  11284 |   1307 |    425 |   8564 |  10 | 1259.1 |
        Temple |    158 |    142 |     16 |      0 |    116 |   1 |  158.0 |
          Lair |   5429 |   5323 |    106 |    306 |   4033 |   3 | 1809.7 |
       Ossuary |    756 |    756 |      0 |     77 |    406 |   1 |  756.0 |
               +--------+--------+--------+--------+--------+-----+--------+

Top non-repeatable levels by time:
  Lair:2: 2055 daAuts
  Lair:3: 2050 daAuts
     D:4: 1646 daAuts
     D:8: 1579 daAuts
     D:3: 1399 daAuts
     D:5: 1389 daAuts
     D:9: 1341 daAuts
     D:6: 1323 daAuts
  Lair:1: 1322 daAuts
     D:1: 1256 daAuts
     D:2: 1040 daAuts
     D:7: 1027 daAuts
 Ossuary: 756 daAuts
    D:10: 586 daAuts
  Temple: 158 daAuts
